AoeStats
← [Massa] Edo

Socotra

504578488Analyzed
2v2 RM · 26d ago on Sep 5, 2026· 50m 33s· 4 players
Game mode
Random Map
Map size
Tiny (2 player)
Population
200
Speed
Normal
Resources
Standard
Victory
Conquest
Starting age
Dark Age
Ending age
Imperial Age
RankedLock teamsTeams togetherTeam positionsShared explorationLock speedFull tech treeHidden civsTurbo modeCheats
Victory
Defeat
🇧🇷 Goths · Brazil
1468
+17
🇧🇷 Dravidians · Brazil
1406
+19
🇩🇪 Gurjaras · Germany
1541
-20
🇫🇷 Chinese · France
1441
-16
[Massa] Edo
3:29 Loom
8:52 Feudal Age
9:20 Double-Bit Axe
10:22 Man-at-Arms
18:51 Fletching
25:16 Castle Age
28:07 Bodkin Arrow
29:08 Scale Mail Armor
29:19 Forging
30:29 Ballistics
35:26 Chain Mail Armor
35:53 Squires
37:17 Wheelbarrow
39:32 Iron Casting
40:33 Bow Saw
40:44 Horse Collar
42:29 Heavy Plow
42:20 Gold Mining
45:49 Imperial Age
44:19 Anarchy
48:39 Hand Cart
49:27 Two-Man Saw
49:31 Conscription
50:57 Blast Furnace
tg
6:10 Loom
8:54 Feudal Age
9:36 Double-Bit Axe
9:32 Horse Collar
17:50 Town Watch
21:34 Castle Age
20:23 Fletching
20:34 Padded Archer Armor
22:03 Crossbowman
28:55 Stone Mining
32:19 Ballistics
33:21 Leather Archer Armor
33:05 Bodkin Arrow
36:20 Masonry
40:37 Bow Saw
40:27 Heavy Plow
40:30 Gold Mining
41:16 Wheelbarrow
45:54 Imperial Age
44:50 Hand Cart
44:35 Town Patrol
46:41 Leather Archer Armor
46:28 Scale Mail Armor
46:41 Medical Corps
46:56 Wootz Steel
46:57 Conscription
48:13 Chemistry
47:18 Bracer
47:10 Elite Skirmisher
47:56 Thumb Ring
48:31 Ring Archer Armor
51:28 Two-Man Saw
51:12 Chain Mail Armor
FLEJEUNE
0:28 Loom
10:02 Feudal Age
11:16 Town Watch
12:10 Double-Bit Axe
13:57 Horse Collar
18:47 Wheelbarrow
18:45 Gold Mining
25:54 Castle Age
25:53 Fletching
26:33 Bodkin Arrow
26:00 Crossbowman
27:36 Bow Saw
28:52 Ballistics
32:25 Gold Shaft Mining
31:43 Stone Mining
32:12 Hand Cart
37:53 Thumb Ring
37:50 Padded Archer Armor
43:13 Heavy Plow
46:09 Imperial Age
47:24 Bracer
48:25 Chemistry
49:54 Leather Archer Armor
I_hate_arabia
6:48 Loom
9:18 Feudal Age
10:06 Double-Bit Axe
11:30 Horse Collar
20:21 Castle Age
19:34 Bloodlines
20:59 Wheelbarrow
20:45 Scale Barding Armor
21:42 Bow Saw
22:07 Husbandry
25:52 Hand Cart
29:46 Imperial Age
29:32 Forging
33:24 Chain Barding Armor
35:16 Conscription
36:18 Plate Barding Armor
Connection lost

Rejoining the realm…

Still unreachable

The connection could not be restored.

Session expired

The server has moved on; the page needs a fresh start.